 Dungeon Crawl Stone Soup version 0.24.1-11-gbbbb2193e6 (webtiles) character file.

Game seed: 3255601758418148881, levelgen mode: deterministic

32343 Peloso the Blocker (level 13, -1/104 HPs)
             Began as a Gnoll Fighter on May 15, 2020.
             Was a High Priest of Okawaru.
             Killed by divine providence
             ... invoked by an orc priest
              (17 damage)
             ... on level 1 of the Orcish Mines.
             The game lasted 00:36:18 (17587 turns).

Peloso the Blocker (Gnoll Fighter)                 Turns: 17587, Time: 00:36:18

Health: -1/104     AC: 16    Str: 35    XL:     13   Next: 63%
Magic:  25/25      EV: 19    Int: 10    God:    Okawaru [*****.]
Gold:   944        SH: 16    Dex: 16    Spells: 28/28 levels left

rFire    + . .     SeeInvis .   b - +6 rapier of Abuse {pierce, Str+7}
rCold    + . .     Gourm    .   c - +0 shield
rNeg     . . .     Faith    .   m - +0 chain mail
rPois    +         Spirit   .   R - +1 hat
rElec    .         Reflect  .   S - scarf {rC+ rF+}
rCorr    .         Harm     .   (no gloves)
MR       .....                  j - +0 pair of boots
Stlth    ++........             (no amulet)
HPRegen  0.27/turn              (no ring)
MPRegen  0.19/turn              M - ring of poison resistance

@: mighty, heroism, starving
A: distributed training, fangs 1, strong nose
a: Heroism, Finesse, Renounce Religion


You were on level 1 of the Orcish Mines.
You worshipped Okawaru.
Okawaru was extremely pleased with you.
You were starving.

You visited 4 branches of the dungeon, and saw 17 of its levels.

You collected 1000 gold pieces.
You spent 56 gold pieces at shops.

Inventory:

Hand Weapons
 a - a +1 falchion of holy wrath
 b - the +6 rapier of Abuse (weapon) {pierce, Str+7}
   (You found it on level 6 of the Dungeon)

   It inflicts extra damage upon your enemies.
   It affects your strength (+7).
 l - a +2 dagger of flaming
Armour
 c - a +0 shield (worn)
 j - a +0 pair of boots (worn)
 m - a +0 chain mail (worn)
 R - a +1 hat (worn)
 S - a scarf of resistance (worn)
Jewellery
 M - a ring of poison resistance (right hand)
Wands
 q - a wand of polymorph (10)
 v - a wand of paralysis (7)
Scrolls
 e - 2 scrolls of noise
 k - 3 scrolls of blinking
 n - 10 scrolls of remove curse
 p - a scroll of enchant weapon
 r - 4 scrolls of enchant armour
 s - 4 scrolls of identify
 t - 11 scrolls of teleportation
 u - a scroll of acquirement {unknown}
 x - 2 scrolls of fog
 y - 3 scrolls of magic mapping
 z - 3 scrolls of fear {unknown}
 B - 7 scrolls of amnesia {unknown}
 G - a scroll of vulnerability {unknown}
Potions
 d - 2 potions of might
 h - 3 potions of invisibility
 i - 2 potions of curing
 o - 4 potions of agility
 w - a potion of cancellation {unknown}
 C - 2 potions of berserk rage
 I - 4 potions of flight
 P - a potion of magic {unknown}
Comestibles
 f - 29 rations


   Skills:
 + Level 10.5(15.5) Fighting
 + Level 8.3(13.3) Short Blades
 + Level 9.5(14.5) Long Blades
 + Level 8.3(13.3) Axes
 + Level 8.3(13.3) Maces & Flails
 + Level 8.3(13.3) Polearms
 + Level 8.3(13.3) Staves
 + Level 8.3(13.3) Slings
 + Level 8.3(13.3) Bows
 + Level 8.3(13.3) Crossbows
 + Level 8.3(13.3) Throwing
 + Level 10.5(15.5) Armour
 + Level 8.3(13.3) Dodging
 + Level 8.3(13.3) Stealth
 + Level 10.5(15.5) Shields
 + Level 8.3(13.3) Unarmed Combat
 + Level 8.3 Spellcasting
 + Level 6.9 Conjurations
 + Level 6.9 Hexes
 + Level 6.9 Charms
 + Level 6.9 Summonings
 + Level 6.9 Necromancy
 + Level 6.9 Translocations
 + Level 6.9 Transmutations
 + Level 6.9 Fire Magic
 + Level 6.9 Ice Magic
 + Level 6.9 Air Magic
 + Level 6.9 Earth Magic
 + Level 6.9 Poison Magic
 + Level 9.1 Invocations
 + Level 8.3 Evocations


You had 28 spell levels left.
You didn't know any spells.
Your spell library contained the following spells:

 Spells                   Type           Power        Failure   Level  Hunger
 Animate Skeleton         Necr           N/A          2%          1    None
 Apportation              Tloc           ###...       2%          1    None
 Confusing Touch          Hex            ###...       2%          1    None
 Summon Small Mammal      Summ           ###.         2%          1    None


Dungeon Overview and Level Annotations

Branches:
Dungeon (12/15)            Temple (1/1) D:7            Lair (3/6) D:9
 Shoals (0/4) Lair:3        Snake (0/4) Lair:3          Orc (1/2) D:12

Altars:
Ashenzari
Cheibriados
Dithmenos
Elyvilon
Fedhas
Gozag
Hepliaklqana
Kikubaaqudgha
Makhleb
Nemelex Xobeh
Okawaru
Qazlal
Ru
Sif Muna
Trog
Uskayaw
Vehumet
Wu Jian
Xom
Yredelemnul
Zin
The Shining One

Shops:
D:7 [   D:8 *   D:9 [   D:11 !


Innate Abilities, Weirdness & Mutations

Your experience applies equally to all skills.
You have very sharp teeth.
Your uncanny sense of smell can sniff out nearby items.


Message History

You closely miss the orc wizard. Your bite misses the orc wizard.
The orc wizard is moderately wounded.
You block the orc wizard's attack.
The orc priest begins to cast a cantrip, but forgets the words!
Unknown command.
You hit the orc wizard.
The orc wizard is severely wounded.
You block the warg's attack. The orc knight misses you.
Unknown command.
You hit the orc.
You kill the orc!
You block the warg's attack.
The orc priest invokes the aid of Beogh against you.
Beogh smites you!
* * * LOW HITPOINT WARNING * * *
Unknown command.
The orc wizard misses you.
The orc priest invokes the aid of Beogh against you.
Beogh smites you!
You die...

*,** **********
*##$##*,*,**,,,**
##....*,,,,,,,,,,*
#....#**,,,,,,,,,,
*###....>,**,,,,,,,,,
*,.....,,,,,,,,,,,*,*
#**##...*,,,,,,,,,,****
#.##...##*,,**,,,***
#.#...@.#*,**,,,,,*
##...oh##*##*,***,*
#....oo##..#*,,≈,,*
#.....oo#..#**,≈,** ***
#####.oo...#*,,≈,,* *,*
##)o...#*,≈≈,** *,***
#).....#*,≈,,* ***,,****
#))...##*,≈,,*
****,,,,,,,***#...$..#,,≈,,*


You could see an orc knight, a warg, an orc warrior, 3 orc priests, an orc
wizard and 2 orcs.

Vanquished Creatures
  Frances (D:11)
  Gastronok (Lair:1)
  Harold (D:9)
  Erolcha (D:11)
  2 hydras
  A death knight (D:11)
  2 two-headed ogres
  6 death yaks
  An orc high priest (Orc:1)
  An unseen horror (D:11)
  A cyclops (D:12)
  2 ugly things (D:11)
  An orc sorcerer (Orc:1)
  A manticore (D:8)
  3 black mambas
  Psyche (D:8)
  A centaur skeleton (D:12)
  4 spiny frogs
  3 komodo dragons
  A kobold demonologist (D:11)
  5 trolls
  A hornet (D:11)
  3 hippogriffs
  3 blink frogs (Lair:2)
  7 spriggans (D:11)
  11 yaks
  A hungry ghost (D:8)
  A steam dragon (Lair:3)
  3 wargs (D:12)
  2 acid dragons (D:11)
  4 water moccasins
  A porcupine (Lair:2)
  A black bear (D:7)
  7 orc warriors
  An ice beast (D:10)
  A necrophage (D:12)
  20 wolves
  7 ogres
  5 centaurs
  2 crocodiles
  3 big kobolds
  21 bullfrogs
  3 scorpions
  7 killer bees
  4 electric eels (D:8)
  5 wights (D:11)
  A howler monkey (D:5)
  6 crimson imps
  A bullfrog zombie (D:5)
  3 hounds (D:5)
  6 orc priests
  A bullfrog skeleton (D:5)
  3 jellies
  7 iguanas
  11 worker ants
  12 orc wizards
  3 worker ant zombies
  8 adders
  4 gnolls (D:11)
  4 shadow imps
  5 oozes
  3 adder zombies
  2 worms (D:3)
  An adder skeleton (D:7)
  2 dart slugs (D:1)
  4 leopard geckos
  46 orcs
  7 bats
  7 giant cockroaches
  6 goblins
  10 hobgoblins
  7 jackals (D:1)
  29 kobolds
  4 quokkas
  10 frilled lizards
  7 rats
384 creatures vanquished.

Vanquished Creatures (others)
  An orc priest (D:8)
1 creature vanquished.

Grand Total: 385 creatures vanquished

Notes
Turn   | Place    | Note
-------+----------+-------------------------------------------
     0 | D:1      | Peloso the Gnoll Fighter began the quest for the Orb.
     0 | D:1      | Reached XP level 1. HP: 23/23 MP: 1/1
    35 | D:1      | HP: 1/23 [jackal (2)]
    37 | D:1      | Reached XP level 2. HP: 2/29 MP: 2/2
   399 | D:1      | Found a glowing golden altar of the Shining One.
   446 | D:1      | Reached XP level 3. HP: 34/35 MP: 3/3
   666 | D:1      | Reached skill level 1 in Invocations
  1153 | D:2      | Reached skill level 1 in Short Blades
  1153 | D:2      | Reached skill level 1 in Axes
  1153 | D:2      | Reached skill level 1 in Maces & Flails
  1153 | D:2      | Reached skill level 1 in Polearms
  1153 | D:2      | Reached skill level 1 in Staves
  1153 | D:2      | Reached skill level 1 in Slings
  1153 | D:2      | Reached skill level 1 in Bows
  1153 | D:2      | Reached skill level 1 in Crossbows
  1153 | D:2      | Reached skill level 1 in Throwing
  1153 | D:2      | Reached skill level 1 in Dodging
  1153 | D:2      | Reached skill level 1 in Stealth
  1153 | D:2      | Reached skill level 1 in Unarmed Combat
  1153 | D:2      | Reached skill level 1 in Spellcasting
  1153 | D:2      | Reached skill level 1 in Evocations
  1153 | D:2      | Reached XP level 4. HP: 41/41 MP: 5/5
  1630 | D:2      | Found a shimmering altar of Xom.
  1736 | D:2      | Found a sparkling altar of Nemelex Xobeh.
  1836 | D:2      | Reached skill level 1 in Conjurations
  1836 | D:2      | Reached skill level 1 in Hexes
  1836 | D:2      | Reached skill level 1 in Charms
  1836 | D:2      | Reached skill level 1 in Summonings
  1836 | D:2      | Reached skill level 1 in Necromancy
  1836 | D:2      | Reached skill level 1 in Translocations
  1836 | D:2      | Reached skill level 1 in Transmutations
  1836 | D:2      | Reached skill level 1 in Fire Magic
  1836 | D:2      | Reached skill level 1 in Ice Magic
  1836 | D:2      | Reached skill level 1 in Air Magic
  1836 | D:2      | Reached skill level 1 in Earth Magic
  1836 | D:2      | Reached skill level 1 in Poison Magic
  2133 | D:3      | Reached XP level 5. HP: 44/47 MP: 6/6
  2891 | D:4      | Reached XP level 6. HP: 40/53 MP: 8/8
  3398 | D:5      | Entered Level 5 of the Dungeon
  3406 | D:5      | Reached skill level 5 in Long Blades
  3426 | D:5      | Found a hide-covered altar of Uskayaw.
  3429 | D:5      | Found a shattered altar of Ashenzari.
  3439 | D:5      | Found a burning altar of Makhleb.
  3440 | D:5      | Found an opulent altar of Gozag.
  3441 | D:5      | Found a basalt altar of Yredelemnul.
  3441 | D:5      | Found a radiant altar of Vehumet.
  3444 | D:5      | Found a snail-covered altar of Cheibriados.
  3446 | D:5      | Found an ancient bone altar of Kikubaaqudgha.
  3532 | D:5      | Reached XP level 7. HP: 51/59 MP: 10/10
  4417 | D:6      | Got a crystal rapier
  4418 | D:6      | Identified the +6 rapier of Abuse {pierce, Str+7} (You
                  | found it on level 6 of the Dungeon)
  4487 | D:6      | Found a white marble altar of Elyvilon.
  4521 | D:6      | Reached XP level 8. HP: 53/67 MP: 12/12
  5329 | D:7      | Found a staircase to the Ecumenical Temple.
  5345 | Temple   | Entered the Ecumenical Temple
  5404 | Temple   | Became a worshipper of Warmaster Okawaru
  5481 | D:7      | Found Meissisk's Antique Armour Boutique.
  5988 | D:8      | Noticed a manticore
  6000 | D:8      | Killed a manticore
  6000 | D:8      | Reached * piety under Okawaru
  6000 | D:8      | Reached XP level 9. HP: 26/73 MP: 14/14
  6275 | D:8      | Noticed Psyche
  6295 | D:8      | Killed Psyche
  6295 | D:8      | Reached ** piety under Okawaru
  6772 | D:8      | Found Gitz's Demolitions Depot.
  7302 | D:9      | Found Gustryvu's Armour Emporium.
  7323 | D:9      | Reached skill level 5 in Invocations
  7433 | D:9      | Reached XP level 10. HP: 50/80 MP: 17/17
  7462 | D:9      | Found a staircase to the Lair.
  7502 | D:9      | Noticed Harold
  7523 | D:9      | Killed Harold
  7523 | D:9      | Reached *** piety under Okawaru
  7523 | D:9      | Received a gift from Okawaru
  7523 | D:9      | Reached skill level 5 in Short Blades
  7523 | D:9      | Reached skill level 5 in Axes
  7523 | D:9      | Reached skill level 5 in Maces & Flails
  7523 | D:9      | Reached skill level 5 in Polearms
  7523 | D:9      | Reached skill level 5 in Staves
  7523 | D:9      | Reached skill level 5 in Slings
  7523 | D:9      | Reached skill level 5 in Bows
  7523 | D:9      | Reached skill level 5 in Crossbows
  7523 | D:9      | Reached skill level 5 in Throwing
  7523 | D:9      | Reached skill level 5 in Dodging
  7523 | D:9      | Reached skill level 5 in Stealth
  7523 | D:9      | Reached skill level 5 in Unarmed Combat
  7523 | D:9      | Reached skill level 5 in Spellcasting
  7523 | D:9      | Reached skill level 5 in Evocations
  7561 | D:9      | Noticed a two-headed ogre
  7820 | D:9      | Killed a two-headed ogre
  8258 | D:10     | Entered Level 10 of the Dungeon
  8538 | D:10     | Noticed a two-headed ogre
  8545 | D:10     | Killed a two-headed ogre
  8545 | D:10     | Reached **** piety under Okawaru
  8545 | D:10     | Received a gift from Okawaru
  8981 | D:10     | Reached XP level 11. HP: 44/87 MP: 16/19
  9678 | D:11     | Noticed a red ugly thing
  9688 | D:11     | Killed a red ugly thing
  9812 | D:11     | Noticed a death knight
  9812 | D:11     | Received a gift from Okawaru
  9826 | D:11     | Reached skill level 5 in Conjurations
  9826 | D:11     | Reached skill level 5 in Hexes
  9826 | D:11     | Reached skill level 5 in Charms
  9826 | D:11     | Reached skill level 5 in Summonings
  9826 | D:11     | Reached skill level 5 in Necromancy
  9826 | D:11     | Reached skill level 5 in Translocations
  9826 | D:11     | Reached skill level 5 in Transmutations
  9826 | D:11     | Reached skill level 5 in Fire Magic
  9826 | D:11     | Reached skill level 5 in Ice Magic
  9826 | D:11     | Reached skill level 5 in Air Magic
  9826 | D:11     | Reached skill level 5 in Earth Magic
  9826 | D:11     | Reached skill level 5 in Poison Magic
 10167 | Lair:1   | Entered Level 1 of the Lair of Beasts
 10272 | Lair:1   | You fall into a shaft and drop 1 floor!
 10620 | Lair:2   | Reached ***** piety under Okawaru
 10633 | Lair:2   | Received a gift from Okawaru
 11780 | Lair:1   | Noticed Gastronok
 11797 | Lair:1   | Killed Gastronok
 11797 | Lair:1   | Received a gift from Okawaru
 11797 | Lair:1   | Reached XP level 12. HP: 46/96 MP: 19/22
 12065 | Lair:3   | Noticed a death yak
 12065 | Lair:3   | Noticed a death yak
 12065 | Lair:3   | Noticed a death yak
 12065 | Lair:3   | Noticed a death yak
 12066 | Lair:3   | Noticed a death yak
 12066 | Lair:3   | Noticed a death yak
 12081 | Lair:2   | Killed a death yak
 12223 | Lair:3   | Noticed a seven-headed hydra
 12275 | Lair:1   | Killed a death yak
 12590 | Lair:1   | Killed a death yak
 12822 | Lair:2   | Killed a death yak
 12830 | Lair:2   | Killed a death yak
 13566 | Lair:2   | Killed a seven-headed hydra
 13573 | Lair:2   | Received a gift from Okawaru
 13906 | Lair:2   | Reached skill level 10 in Fighting
 13906 | Lair:2   | Reached skill level 10 in Armour
 13906 | Lair:2   | Reached skill level 10 in Shields
 14259 | Lair:2   | Killed a death yak
 14511 | Lair:3   | Found a staircase to the Snake Pit.
 14548 | Lair:3   | Reached XP level 13. HP: 103/103 MP: 24/24
 14583 | Lair:3   | Found a staircase to the Shoals.
 15221 | D:11     | Received a gift from Okawaru
 15294 | D:11     | Paralysed by a hornet for 3 turns
 15497 | D:11     | Found Kukateb's Distillery.
 15500 | D:11     | Bought a potion of might for 56 gold pieces
 15638 | D:12     | Found a staircase to the Orcish Mines.
 16125 | D:12     | Noticed Erolcha
 16125 | D:12     | Noticed Frances
 16299 | D:11     | Killed Frances
 16307 | D:11     | Paralysed by Erolcha for 4 turns
 16312 | D:11     | Killed Erolcha
 16312 | D:11     | Reached ****** piety under Okawaru
 16312 | D:11     | Received a gift from Okawaru
 17516 | Orc:1    | Entered Level 1 of the Orcish Mines
 17587 | Orc:1    | Killed from afar by an orc priest

Levels and vault maps discovered:
D:1:      wander_arrival_estate, layout_loops_corners,
          chequers_serial_rivers_micro_c, tso_metal_star
D:2:      layout_loops_corners, lemuel_crystal_altar,
          nemelex_xobeh_ov_fountains_minmay, minmay_tromino_v4_b
D:3:      layout_basic, st_stairs_7
D:4:      layout_gridville, bh_walls_and_bars
D:5:      layout_loops_ring, minitemple, first_ration
D:6:      layout_basic, elyvilon_altar_3
D:7:      layout_basic, minmay_temple_entry_tees, serial_shops, shop,
          grunt_ogre_cave
D:8:      layout_basic, minivault_14, chequers_serial_rivers_room_b,
          grunt_ministairs_1, nicolae_blasting_shop, nrook_pool_corridor,
          uniq_psyche
D:9:      layout_irregular_city, lair_entry_dummy, serial_shops, shop,
          uniq_harold
D:10:     layout_loops_corners, kennysheep_doodads
D:11:     kb_forest_paths, layout_stronghold, serial_shops, nicolae_shop_trees
D:12:     layout_cross, minmay_orc_entry_guard_dogs, minmay_puff, uniq_frances,
          uniq_erolcha
Temple:   nicolae_temple_hex_pool
Lair:1:   layout_long_grid, uniq_gastronok
Lair:2:   layout_layer_cave
Lair:3:   layout_hall_layers, minmay_shoals_entry_centaurs,
          grunt_forest_large_clearings
Orc:1:    layout_diamond_mine, nicolae_volcano_entry_vermiform, serial_shops,
          nicolae_shop_overgrown_old_shop

Skill      XL: |  1  2  3  4  5  6  7  8  9 10 11 12 13 |
---------------+----------------------------------------+-----
Invocations    | 1 2 3 4 5 6 7 8 9 |  9.1
Short Blades   | 1 2 3 4 5 6 7 8 |  8.3
Axes           | 1 2 3 4 5 6 7 8 |  8.3
Maces & Flails | 1 2 3 4 5 6 7 8 |  8.3
Polearms       | 1 2 3 4 5 6 7 8 |  8.3
Staves         | 1 2 3 4 5 6 7 8 |  8.3
Slings         | 1 2 3 4 5 6 7 8 |  8.3
Bows           | 1 2 3 4 5 6 7 8 |  8.3
Crossbows      | 1 2 3 4 5 6 7 8 |  8.3
Throwing       | 1 2 3 4 5 6 7 8 |  8.3
Dodging        | 1 2 3 4 5 6 7 8 |  8.3
Stealth        | 1 2 3 4 5 6 7 8 |  8.3
Unarmed Combat | 1 2 3 4 5 6 7 8 |  8.3
Spellcasting   | 1 2 3 4 5 6 7 8 |  8.3
Evocations     | 1 2 3 4 5 6 7 8 |  8.3
Conjurations   | 1 2 3 4 5 6 |  6.9
Hexes          | 1 2 3 4 5 6 |  6.9
Charms         | 1 2 3 4 5 6 |  6.9
Summonings     | 1 2 3 4 5 6 |  6.9
Necromancy     | 1 2 3 4 5 6 |  6.9
Translocations | 1 2 3 4 5 6 |  6.9
Transmutations | 1 2 3 4 5 6 |  6.9
Fire Magic     | 1 2 3 4 5 6 |  6.9
Ice Magic      | 1 2 3 4 5 6 |  6.9
Air Magic      | 1 2 3 4 5 6 |  6.9
Earth Magic    | 1 2 3 4 5 6 |  6.9
Poison Magic   | 1 2 3 4 5 6 |  6.9
Long Blades    | 5 6 7 8 9 |  9.5
Fighting       | 7 8 9 10 | 10.5
Armour         | 7 8 9 10 | 10.5
Shields        | 7 8 9 10 | 10.5

Action                   |  1- 3 |  4- 6 |  7- 9 | 10-12 | 13-15 || total
-------------------------+-------+-------+-------+-------+-------++-------
Melee: Long sword        |    77 |   241 |    69 |       |       ||   387
       Bite              |     5 |    25 |    36 |   109 |    51 ||   226
       Rapier            |       |       |   206 |   559 |   280 ||  1045
       Dagger            |       |       |       |    13 |    15 ||    28
Invok: Heroism           |       |       |     2 |    16 |     7 ||    25
Evoke: Wand              |       |       |     8 |       |       ||     8
  Use: Scroll            |     1 |       |       |    15 |     2 ||    18
       Potion            |       |     2 |       |     3 |     4 ||     9
  Eat: Chunk             |       |     9 |     8 |    20 |     8 ||    45
       Ration            |       |       |     2 |     1 |       ||     3
Armor: Scale mail        |    62 |     7 |       |       |       ||    69
       Chain mail        |       |    75 |   103 |   188 |   107 ||   473
Dodge: Dodged            |    32 |    51 |    77 |   315 |   168 ||   643
Block: Shield            |    72 |   115 |   138 |   495 |   272 ||  1092
       Rpst.: Long sword |     9 |    20 |     3 |       |       ||    32
